 Dungeon Crawl Stone Soup version 0.29-a0-416-g83a48905f1 (webtiles) character file.

Game seed: 4821698177651016305

3493 HendSelp the Spear-Bearer (level 10, -4/77 HPs)
             Began as a Human Monk on May 17, 2022.
             Was an Initiate of Gozag.
             Killed from afar by an acid dragon (18 damage)
             ... with a splash of acid
             ... on level 8 of the Dungeon.
             The game lasted 00:11:46 (9590 turns).

HendSelp the Spear-Bearer (Human Monk)              Turns: 9590, Time: 00:11:47

Health: -4/77      AC: 12    Str: 15    XL:     10   Next: 28%
Magic:  10/10      EV: 12    Int: 11    God:    Gozag
Gold:   377        SH:  0    Dex: 16    Spells: 9/9 levels left

rFire   . . .      SeeInvis .   k - +0 scythe
rCold   . . .      Faith    .   (shield currently unavailable)
rNeg    . . .      Spirit   .   p - +5 scale mail {Will+}
rPois   .          Reflect  .   (no helmet)
rElec   .          Harm     .   (no cloak)
rCorr   .          Rampage  .   a - +2 pair of gloves
Will    +....                   (no boots)
Stlth   +.........              (no amulet)
HPRegen 0.22/turn               (no ring)
MPRegen 0.12/turn               (no ring)

@: corroded, slowed, very slow
A: no striking features
a: Renounce Religion, Potion Petition, Call Merchant, Bribe Branch


You were on level 8 of the Dungeon.
You worshipped Gozag.
Gozag was aware of your devotion.
You visited 2 branches of the dungeon, and saw 9 of its levels.

You collected 377 gold pieces.

Inventory:

Hand Weapons
 e - a +0 halberd
 k - a +0 scythe (weapon)
Missiles
 m - a throwing net (quivered)
Armour
 a - a +2 pair of gloves (worn)
 p - a +5 scale mail of willpower (worn)
Wands
 g - a wand of iceblast (7)
Scrolls
 h - 4 scrolls of teleportation
 l - a scroll of amnesia
Potions
 b - 2 potions of lignification
 d - a potion of invisibility {unknown}
 f - 2 potions of attraction
 j - 3 potions of brilliance
 n - a potion of experience {unknown}
 r - 2 potions of mutation


   Skills:
 * Level 6.4 Fighting
 * Level 10.2 Polearms
 * Level 6.7 Armour
 * Level 5.7 Dodging
 - Level 2.0 Stealth


You had 9 spell levels left.
You didn't know any spells.
Your spell library contained the following spells:

 Spells                   Type           Power      Damage    Failure   Level
 Animate Skeleton         Necr           0%         N/A       75%         1
 Pain                     Necr           0%         1d4       75%         1
 Blink                    Tloc           0%         N/A       87%         2
 Static Discharge         Conj/Air       0%         N/A       87%         2
 Dazzling Flash           Conj/Hex       0%         N/A       98%         3
 Lesser Beckoning         Tloc           0%         N/A       98%         3
 Vampiric Draining        Necr           0%         2d6       98%         3
 Agony                    Necr           0%         N/A       100%        5
 Lightning Bolt           Conj/Air       0%         1d11      100%        5
 Manifold Assault         Tloc           0%         N/A       100%        5
 Silence                  Hex/Air        0%         N/A       100%        5
 Maxwell's Capacitive Co  Air            0%         ∞         100%        8


Dungeon Overview and Level Annotations

Branches:
Dungeon (8/15)             Temple (1/1) D:7
   Lair: D:8-11

Altars:
Ashenzari
Cheibriados
Dithmenos
Elyvilon
Fedhas
Gozag
Kikubaaqudgha
Makhleb
Nemelex Xobeh
Okawaru
Ru
Sif Muna
Trog
Uskayaw
Vehumet
Wu Jian
Xom
Yredelemnul
Zin

Shops:
D:4 *   D:6 *

Annotations:
D:6 2 transporters, Eringya's ghost, novice OpCj


Message History

You feel as though you will be slow longer.
The hornet stings you.
You are poisoned.
You feel as though you will be slow longer.
You feel very sick.
An orc comes into view. It is wielding a +0 dagger.
The hornet stings you but does no damage.
You can move again.
Unknown command.
The orc shouts!
You hit the hornet.
The hornet is lightly wounded.
You feel very sick. The hornet stings you!
You shrug off the repeated paralysis!
The hornet stings you.
You feel as though you will be slow longer.
The acid dragon spits acid at you. The splash of acid hits you!
* * * LOW HITPOINT WARNING * * *
The acid corrodes you! The hornet stings you!
* * * LOW HITPOINT WARNING * * *
You are lethally poisoned!
You feel as though you will be slow longer.
The hornet stings you.
* * * LOW HITPOINT WARNING * * *
You feel as though you will be slow longer.
You are too injured to fight recklessly!
Unknown command.
As you read the scroll of fear, it crumbles to dust.
You assume a fearsome visage.
The orc looks frightened!
The hornet looks frightened!
The acid dragon looks frightened!
* * * LOW HITPOINT WARNING * * *
You feel very sick.
Unknown command.
You feel better.
The acid dragon seems to regain its courage.
The acid dragon spits acid at you. The splash of acid hits you!!
You die...
Your body crumbles into a pile of gold.

#........... ###....#
....###
###.#<..###......###
#.......##.. #...#.##
###.#...#..#
#......###
#.##..##.###.........
## #.......#.)###....
##..#..>..##..>...
#...###.@.#......o
...#.. #...#$......
#..####..##.....# ###
.###...$## ........#
...........
.........##..
.......#D# ....
.......#.. ...


You could see an acid dragon (catching breath).

Vanquished Creatures
  A hornet (D:7)
  Sigmund (D:4)
  3 yaks
  A wraith (D:5)
  Edmund (D:4)
  A water moccasin (D:5)
  4 black bears
  2 orc warriors (D:7)
  An ice beast (D:7)
  4 ogres
  A centaur (D:6)
  A kobold brigand (D:7)
  4 necrophages
  A bullfrog (D:4)
  A gnoll sergeant (D:6)
  2 scorpions
  2 hounds
  4 jellies
  2 orc priests
  3 gnoll shamans
  Ijyb (D:3)
  3 orc wizards
  14 gnolls
  2 adders
  A shadow imp (D:5)
  2 white imps
  An ufetubus (D:5)
  2 worms
  3 dart slugs
  19 orcs
  4 bats
  3 endoplasms
  8 giant cockroaches
  8 goblins
  5 hobgoblins
  6 jackals
  7 quokkas
  3 ball pythons
  A frilled lizard (D:2)
  16 kobolds
  7 rats
156 creatures vanquished.

Notes
Turn   | Place    | Note
-------+----------+-------------------------------------------
     0 | D:1      | HendSelp the Human Monk began the quest for the Orb.
     0 | D:1      | Reached XP level 1. HP: 18/18 MP: 1/1
   334 | D:1      | Reached XP level 2. HP: 24/24 MP: 2/2
   676 | D:1      | Reached XP level 3. HP: 8/29 MP: 3/3
  2096 | D:2      | Reached XP level 4. HP: 35/35 MP: 4/4
  2650 | D:2      | Reached skill level 1 in Armour
  2651 | D:2      | Reached skill level 4 in Polearms
  3352 | D:3      | Noticed Ijyb
  3358 | D:3      | Killed Ijyb
  3359 | D:3      | Reached XP level 5. HP: 40/41 MP: 5/5
  3638 | D:3      | Found a faded altar of an unknown god.
  3900 | D:3      | Reached XP level 6. HP: 24/48 MP: 6/6
  4061 | D:4      | Reached skill level 5 in Polearms
  4131 | D:4      | Noticed Edmund
  4172 | D:4      | Killed Edmund
  4266 | D:4      | Found Ylio's Assorted Antiques.
  4276 | D:4      | Noticed Sigmund
  4284 | D:4      | Killed Sigmund
  4285 | D:4      | Reached XP level 7. HP: 54/54 MP: 7/7
  4348 | D:4      | Reached skill level 6 in Polearms
  5150 | D:5      | Entered Level 5 of the Dungeon
  5180 | D:5      | Reached XP level 8. HP: 33/61 MP: 8/8
  5184 | D:5      | Noticed a wraith
  5949 | D:5      | Killed a wraith
  5950 | D:5      | Reached skill level 7 in Polearms
  6283 | D:5      | Reached skill level 5 in Fighting
  6346 | D:5      | Reached skill level 5 in Armour
  6346 | D:5      | Reached XP level 9. HP: 59/68 MP: 9/9
  6591 | D:6      | Noticed Eringya's ghost (novice OpCj)
  6596 | D:6      | Found a transporter.
  6622 | D:6      | Found a transporter.
  6754 | D:6      | HP: 1/68 [ogre/+0 giant spiked club (12)]
  6756 | D:6      | Reached skill level 8 in Polearms
  7096 | D:6      | Reached skill level 5 in Dodging
  7315 | D:6      | Found a glowing silver altar of Zin.
  7535 | D:6      | Found an iron altar of Okawaru.
  7542 | D:6      | Found a basalt altar of Yredelemnul.
  7980 | D:6      | Found Xeik's Assorted Antiques.
  8188 | D:6      | Reached skill level 9 in Polearms
  8478 | D:7      | Reached XP level 10. HP: 76/76 MP: 10/10
  8729 | D:7      | Found a staircase to the Ecumenical Temple.
  8739 | Temple   | Entered the Ecumenical Temple
  8757 | Temple   | Became a worshipper of Gozag Ym Sagoz the Greedy
  9421 | D:7      | Reached skill level 10 in Polearms
  9583 | D:8      | Paralysed by a hornet for 3 turns
  9590 | D:8      | Killed from afar by an acid dragon

Illustrated notes

Levels and vault maps discovered:
D:1:      amcnicky_arrival_single_pillar, layout_basic, minmay_heptomino_d4
D:2:      layout_basic, chequers_garden
D:3:      layout_basic, shapermc_ecumenical_altar_hornbeckon,
          nicolae_concentric_dashed_squares_wild, minivault_11,
          minmay_liquid_box, uniq_ijyb
D:4:      layout_gridville, serial_shops, nicolae_shop_overgrown_old_shop,
          uniq_sigmund, uniq_edmund
D:5:      nicolae_cairo_tiling_large_dashed, layout_rooms,
          minmay_strange_pillars
D:6:      layout_loops_ring, zin_treasury, amethyst_overflow_temple_binary,
          serial_shops, shop_fountains, gammafunk_ghost_smash
D:7:      layout_loops_ring, minmay_temple_entry_waves
D:8:      layout_cave_pools, uniq_maurice
Temple:   nicolae_temple_elliptical

Skill      XL: |  1  2  3  4  5  6  7  8  9 10 |
---------------+-------------------------------+-----
Armour         | 1 2 3 5 6 |  6.7
Polearms       | 4 5 6 7 9 10 | 10.2
Fighting       | 4 5 6 |  6.4
Dodging        | 4 5 |  5.7
Stealth        | |  2.0

Action                   |  1- 3 |  4- 6 |  7- 9 | 10-12 || total
-------------------------+-------+-------+-------+-------++-------
Melee: Spear             |   149 |   137 |    89 |       ||   375
       Punch             |     3 |       |       |       ||     3
       Halberd           |       |       |   207 |    98 ||   305
       Scythe            |       |       |       |    13 ||    13
  Use: Scroll            |     7 |     6 |     6 |     4 ||    23
       Potion            |       |     2 |     9 |     1 ||    12
 Stab: Sleeping          |     8 |     1 |       |       ||     9
Armor: Robe              |    21 |       |       |       ||    21
       Ring mail         |       |    15 |       |       ||    15
       Scale mail        |       |    12 |   140 |    60 ||   212
Dodge: Dodged            |    95 |    42 |   168 |    49 ||   354

Table legend: (Time is in decaauts)
 A = Elapsed time spent in this place.
 B = Non-inter-level travel time spent in this place.
 C = Inter-level travel time spent in this place.
 D = Time resting spent in this place.
 E = Time spent auto-exploring this place.
 F = Levels seen in this place.
 G = Mean time per level.
                   A        B        C        D        E       F      G
               +--------+--------+--------+--------+--------+-----+--------+
         Total |   9580 |   9243 |    337 |   1368 |   6448 |   9 | 1064.4 |
       Dungeon |   9413 |   9099 |    314 |   1368 |   6322 |   8 | 1176.6 |
        Temple |    166 |    144 |     22 |      0 |    126 |   1 |  166.0 |
               +--------+--------+--------+--------+--------+-----+--------+

Top non-repeatable levels by time:
     D:1: 1891 daAuts
     D:4: 1661 daAuts
     D:5: 1412 daAuts
     D:6: 1296 daAuts
     D:2: 1129 daAuts
     D:3: 1007 daAuts
     D:7: 962 daAuts
  Temple: 166 daAuts
     D:8: 51 daAuts
